 Dungeon Crawl Stone Soup version 0.28-b1-1-g3c77fb2ed1 (webtiles) character file.

Game seed: 10917724641399788624

15898 zeram the Blocker (level 12, 0/97 HPs)
             Began as a Gnoll Fighter on Jan 29, 2022.
             Was an Initiate of Gozag.
             Slain by a cane toad (8 damage)
             ... on level 2 of the Lair of Beasts.
             The game lasted 00:20:51 (13561 turns).

zeram the Blocker (Gnoll Fighter)                  Turns: 13561, Time: 00:20:52

Health: 0/97       AC: 20    Str: 17    XL:     12   Next: 31%
Magic:  0/22       EV:  8    Int:  9    God:    Gozag
Gold:   964        SH:  6    Dex: 14    Spells: 22/25 levels left

rFire   . . .      SeeInvis +   d - +8 flail of Pesus {vorpal, *Rage rElec SInv}
rCold   . . .      Faith    .   c - +0 buckler
rNeg    . . .      Spirit   +   v - +0 plate armour
rPois   .          Reflect  .   n - +1 helmet
rElec   +          Harm     .   t - +0 cloak
rCorr   .          Rampage  .   p - +1 pair of gloves
Will    .....      Rage     20% (no boots)
Stlth   ..........              x - amulet of guardian spirit
HPRegen 0.26/turn               m - +4 ring of slaying
MPRegen 0.18/turn               (no ring)

@: on berserk cooldown, slowed, very slow
A: fangs 1, strong nose, distributed training
a: Renounce Religion, Potion Petition, Call Merchant, Bribe Branch


You were on level 2 of the Lair of Beasts.
You worshipped Gozag.
Gozag was pleased with you.
You visited 2 branches of the dungeon, and saw 10 of its levels.

You collected 1864 gold pieces.
You spent 858 gold pieces at shops.
You paid 42 gold pieces to Gozag.

Inventory:

Hand Weapons
 a - a +1 trident
 d - the +8 flail of Pesus (weapon) {vorpal, *Rage rElec SInv}
   (You bought it in a shop on level 8 of the Dungeon)

   It inflicts extra damage upon your enemies.
   rElec:     It insulates you from electricity.
   SInv:      It lets you see invisible.
   *Rage:     It berserks you when you make melee attacks (+20% chance).
Armour
 b - a +0 scale mail
 c - a +0 buckler (worn)
 n - a +1 helmet (worn)
 p - a +1 pair of gloves (worn)
 t - a +0 cloak (worn)
 v - a +0 plate armour (worn)
Jewellery
 k - a ring of fire
 m - a +4 ring of slaying (left hand)
 x - an amulet of guardian spirit (around neck)
 y - a ring of see invisible
Wands
 o - a wand of paralysis (8)
 r - a wand of mindburst (7)
Scrolls
 e - 2 scrolls of enchant weapon
 i - 2 scrolls of fog
Potions
 f - 2 potions of brilliance
 g - 2 potions of flight
 j - 2 potions of resistance
 l - 2 potions of cancellation
 q - a potion of curing
 s - a potion of haste {unknown}
 u - 3 potions of lignification
 w - a potion of ambrosia
 z - a potion of degeneration
 A - a potion of attraction {unknown}


   Skills:
 + Level 9.8 Fighting
 + Level 7.2 Short Blades
 + Level 7.2 Long Blades
 + Level 7.2 Axes
 + Level 7.2 Maces & Flails
 + Level 8.6 Polearms
 + Level 7.2 Staves
 + Level 7.2 Slings
 + Level 7.2 Bows
 + Level 7.2 Crossbows
 + Level 7.2 Throwing
 + Level 9.8 Armour
 + Level 7.2 Dodging
 + Level 7.2 Stealth
 + Level 9.8 Shields
 + Level 7.2 Unarmed Combat
 + Level 7.2 Spellcasting
 + Level 5.9 Conjurations
 + Level 5.9 Hexes
 + Level 5.9 Summonings
 + Level 5.9 Necromancy
 + Level 5.9 Translocations
 + Level 5.9 Transmutations
 + Level 5.9 Fire Magic
 + Level 5.9 Ice Magic
 + Level 5.9 Air Magic
 + Level 5.9 Earth Magic
 + Level 5.9 Poison Magic
 + Level 7.9 Invocations
 + Level 7.2 Evocations


You had 22 spell levels left.
You knew the following spells:

 Your Spells              Type           Power      Damage    Failure   Level
a - Call Canine Familiar  Summ           14%        N/A       86%         3

Your spell library contained the following spells:

 Spells                   Type           Power      Damage    Failure   Level
 Summon Small Mammal      Summ           56%        N/A       50%         1
 Summon Guardian Golem    Hex/Summ       14%        N/A       86%         3


Dungeon Overview and Level Annotations

Branches:
Dungeon (8/15)             Temple (0/1) D:5            Lair (2/6) D:8
  Swamp: Lair:2-4    Shoals: Lair:2-4     Snake: Lair:2-4    Spider: Lair:2-4

Altars:
Gozag
Ru

Shops:
D:2 *   D:8 ?*=(


Innate Abilities, Weirdness & Mutations

You have very sharp teeth.
Your uncanny sense of smell can sniff out nearby items.
Your experience applies equally to all skills.


Message History

The cane toad gives a loud, deep croak!
You hit the cane toad. You bite the cane toad.
The cane toad is moderately wounded.
You feel sick. The cane toad stings you.
You are more poisoned.
The cane toad poisons you! The eight-headed hydra bites you!
The eight-headed hydra bites you.
The eight-headed hydra bites you but does no damage.
The eight-headed hydra bites you.
The eight-headed hydra bites you but does no damage.
The eight-headed hydra bites you.
* * * LOW HITPOINT WARNING * * *
The eight-headed hydra bites you but does no damage.
The eight-headed hydra bites you.
* * * LOW HITPOINT WARNING * * *
Okay, then.
As you read the scroll of fear, it crumbles to dust.
You assume a fearsome visage.
The cane toad resists with some effort.
The eight-headed hydra looks frightened!
The cane toad looks frightened!
* * * LOW HITPOINT WARNING * * *
You feel very sick.
You feel very sick.
You sock the cane toad! Your bite misses the cane toad.
The cane toad is moderately wounded.
You feel very sick. The cane toad barely misses you.
The cane toad stings you but does no damage.
You barely miss the cane toad.
The cane toad is moderately wounded.
You feel sick.
The eight-headed hydra seems to regain its courage.
The cane toad stings you!
* * * LOW HITPOINT WARNING * * *
You are more poisoned.
The cane toad poisons you!
The cane toad stings you but does no damage.
You feel better. You block the cane toad's attack. The cane toad stings you!
You die...
Your body crumbles into a pile of gold.

# #....#.#..## .
##.##....#..# # # #.
#...........# .
..#.###..#........##.####
........#D.8.8.#...##.8..
........#.......#........
............>[.....+..>.8
###....#.......#..#.....
#...F@#.8.8.##..##.8.#
###...#.....#..####.##
...#...........#####..
.....#..##.D.#..#.......
......#.. #.#.[.#.......
.......#. .... #.......
....... #. $ #........
.... ......... .##.####.


You could see an eight-headed hydra and a cane toad.

Vanquished Creatures
  7 elephants (Lair:2)
  Joseph (D:7)
  9 cane toads
  A torpor snail (Lair:2)
  A komodo dragon (Lair:2)
  A queen bee (Lair:2)
  A blink frog (Lair:2)
  Sigmund (D:2)
  2 wyverns (Lair:2)
  34 yaks
  A basilisk (Lair:1)
  6 water moccasins
  An ice beast (D:6)
  A sky beast (D:6)
  A black bear (D:8)
  2 necrophages (D:5)
  4 centaurs
  4 wolves (Lair:1)
  3 phantoms
  6 bullfrogs
  6 scorpions
  A water moccasin zombie (D:5)
  12 killer bees
  A water moccasin skeleton (D:7)
  A wight (D:8)
  4 electric eels (Lair:2)
  2 howler monkeys
  3 jellies
  2 gnoll shamans
  An orc priest (D:5)
  Crazy Yiuf (D:3)
  4 iguanas
  Ijyb (D:3)
  2 orc wizards (D:8)
  A killer bee zombie (D:5)
  A howler monkey zombie (D:6)
  Robin (D:2)
  8 gnolls
  5 adders
  A white imp (D:5)
  An ufetubus (D:3)
  2 adder skeletons
  A worm (D:3)
  A dart slug (D:5)
  18 orcs
  10 ball pythons
  7 endoplasms
  A giant cockroach (D:2)
  14 goblins
  9 hobgoblins
  7 jackals
  3 quokkas (D:1)
  5 bats
  6 frilled lizards
  A jackal skeleton (D:4)
  5 kobolds
  4 rats
240 creatures vanquished.

Vanquished Creatures (others)
  53 fungi
  89 plants
142 creatures vanquished.

Grand Total: 382 creatures vanquished

Notes
Turn   | Place    | Note
-------+----------+-------------------------------------------
     0 | D:1      | zeram the Gnoll Fighter began the quest for the Orb.
     0 | D:1      | Reached XP level 1. HP: 23/23 MP: 1/1
   129 | D:1      | Reached XP level 2. HP: 29/29 MP: 2/2
   195 | D:1      | Found a faded altar of an unknown god.
   400 | D:1      | Reached XP level 3. HP: 30/35 MP: 3/3
  1056 | D:2      | Reached skill level 1 in Invocations
  1187 | D:2      | Noticed Sigmund
  1197 | D:2      | Killed Sigmund
  1198 | D:2      | Reached skill level 1 in Short Blades
  1198 | D:2      | Reached skill level 1 in Long Blades
  1198 | D:2      | Reached skill level 1 in Axes
  1198 | D:2      | Reached skill level 1 in Maces & Flails
  1198 | D:2      | Reached skill level 1 in Staves
  1198 | D:2      | Reached skill level 1 in Slings
  1198 | D:2      | Reached skill level 1 in Bows
  1198 | D:2      | Reached skill level 1 in Crossbows
  1198 | D:2      | Reached skill level 1 in Throwing
  1198 | D:2      | Reached skill level 1 in Dodging
  1198 | D:2      | Reached skill level 1 in Stealth
  1198 | D:2      | Reached skill level 1 in Unarmed Combat
  1198 | D:2      | Reached skill level 1 in Spellcasting
  1198 | D:2      | Reached skill level 1 in Conjurations
  1198 | D:2      | Reached skill level 1 in Hexes
  1198 | D:2      | Reached skill level 1 in Summonings
  1198 | D:2      | Reached skill level 1 in Necromancy
  1198 | D:2      | Reached skill level 1 in Translocations
  1198 | D:2      | Reached skill level 1 in Transmutations
  1198 | D:2      | Reached skill level 1 in Fire Magic
  1198 | D:2      | Reached skill level 1 in Ice Magic
  1198 | D:2      | Reached skill level 1 in Air Magic
  1198 | D:2      | Reached skill level 1 in Earth Magic
  1198 | D:2      | Reached skill level 1 in Poison Magic
  1198 | D:2      | Reached skill level 1 in Evocations
  1198 | D:2      | Reached XP level 4. HP: 11/41 MP: 4/6
  1198 | D:2      | Reached XP level 5. HP: 12/47 MP: 4/7
  1497 | D:2      | Noticed Robin
  1525 | D:2      | Killed Robin
  1526 | D:2      | Reached XP level 6. HP: 12/53 MP: 8/8
  1902 | D:2      | Found Uvekaexi's Assorted Antiques.
  2428 | D:3      | Noticed Ijyb
  2433 | D:3      | Paralysed by Ijyb for 5 turns
  2445 | D:3      | Killed Ijyb
  2835 | D:3      | Reached skill level 5 in Polearms
  2977 | D:3      | Found a runed translucent door.
  2978 | D:3      | Noticed Crazy Yiuf
  3093 | D:3      | Killed Crazy Yiuf
  3407 | D:4      | Reached XP level 7. HP: 51/59 MP: 10/10
  3798 | D:4      | Found an opulent altar of Gozag.
  3821 | D:4      | Became a worshipper of Gozag Ym Sagoz the Greedy
  4109 | D:4      | Identified the +1 leather armour of the Tormentor {Rampage
                  | rElec Dex-5}
  4137 | D:4      | Identified the +0 ring mail "Pepsocowk" {+Inv Int+4 SInv}
  4408 | D:5      | Entered Level 5 of the Dungeon
  4487 | D:5      | Found a staircase to the Ecumenical Temple.
  4743 | D:5      | Reached XP level 8. HP: 67/67 MP: 12/12
  6229 | D:6      | Found a sacrificial altar of Ru.
  6246 | D:6      | Reached XP level 9. HP: 69/73 MP: 14/14
  6669 | D:7      | Learned a level 3 spell: Call Canine Familiar
  6738 | D:7      | Noticed Joseph
  7123 | D:7      | Killed Joseph
  7700 | D:7      | Reached skill level 5 in Invocations
  8136 | D:8      | Found Fodd's Weapon Shop.
  8200 | D:7      | HP: 3/74 [poisoned by a water moccasin]
  8211 | D:7      | Reached XP level 10. HP: 38/80 MP: 8/17
  8411 | D:7      | Reached skill level 5 in Short Blades
  8411 | D:7      | Reached skill level 5 in Long Blades
  8411 | D:7      | Reached skill level 5 in Axes
  8411 | D:7      | Reached skill level 5 in Maces & Flails
  8411 | D:7      | Reached skill level 5 in Staves
  8411 | D:7      | Reached skill level 5 in Slings
  8411 | D:7      | Reached skill level 5 in Bows
  8411 | D:7      | Reached skill level 5 in Crossbows
  8411 | D:7      | Reached skill level 5 in Throwing
  8411 | D:7      | Reached skill level 5 in Dodging
  8411 | D:7      | Reached skill level 5 in Stealth
  8411 | D:7      | Reached skill level 5 in Unarmed Combat
  8411 | D:7      | Reached skill level 5 in Spellcasting
  8411 | D:7      | Reached skill level 5 in Evocations
  8965 | D:8      | Found Naot's Jewellery Shop.
  9586 | D:8      | Found a staircase to the Lair.
  9606 | D:8      | Found Niuj's Magic Scroll Shop.
  9751 | D:8      | Found Tuillaly's General Store.
  9977 | D:8      | Bought the +8 flail of Pesus {vorpal, *Rage rElec SInv} for
                  | 858 gold pieces
  9995 | Lair:1   | Entered Level 1 of the Lair of Beasts
 10025 | Lair:1   | Noticed a cane toad
 10027 | Lair:1   | Killed a cane toad
 10039 | Lair:1   | Noticed a cane toad
 10050 | Lair:1   | Killed a cane toad
 10303 | Lair:1   | Noticed a cane toad
 10311 | Lair:1   | Killed a cane toad
 10312 | Lair:1   | Reached XP level 11. HP: 87/87 MP: 16/19
 10314 | Lair:1   | You fall into a shaft and drop 1 floor!
 10354 | Lair:2   | Reached skill level 5 in Conjurations
 10354 | Lair:2   | Reached skill level 5 in Hexes
 10354 | Lair:2   | Reached skill level 5 in Summonings
 10354 | Lair:2   | Reached skill level 5 in Necromancy
 10354 | Lair:2   | Reached skill level 5 in Translocations
 10354 | Lair:2   | Reached skill level 5 in Transmutations
 10354 | Lair:2   | Reached skill level 5 in Fire Magic
 10354 | Lair:2   | Reached skill level 5 in Ice Magic
 10354 | Lair:2   | Reached skill level 5 in Air Magic
 10354 | Lair:2   | Reached skill level 5 in Earth Magic
 10354 | Lair:2   | Reached skill level 5 in Poison Magic
 10907 | Lair:2   | HP: 3/89 [elephant (4)]
 12835 | Lair:1   | Reached XP level 12. HP: 96/96 MP: 22/22
 13167 | Lair:2   | Identified the +1 leather armour of Iteag {rPois}
 13551 | Lair:2   | Noticed an eight-headed hydra
 13560 | Lair:2   | HP: 1/97 [cane toad (9)]
 13561 | Lair:2   | Slain by a cane toad

Illustrated notes

Levels and vault maps discovered:
D:1:      evilmike_arrival_plus, layout_basic, shapermc_ecumenical_altar_ellora,
          minmay_octomino_j4
D:2:      layout_loops_cross, serial_shops, nicolae_shop_waterfront,
          uniq_sigmund, uniq_robin
D:3:      layout_basic, uniq_crazy_yiuf_cottage, uniq_ijyb
D:4:      layout_loops_ring, nicolae_gozag_cash_rules_everything_around_me
D:5:      layout_layer_cave, temple_fountains
D:6:      layout_layer_cave, nicolae_overflow_crystal_walls,
          serial_bayou_lagoon_a, corexii_item_surrounded_by_moat
D:7:      layout_rooms, uniq_joseph
D:8:      layout_cave_pools, due_lair_maze_entry_diamond, serial_shops,
          nicolae_shop_competitors_out_of_business, shop, shop_fountains, shop
Lair:1:   layout_cave_pods
Lair:2:   layout_hall_layers, dummy_spider_entry, special_room
          [special_room_bee], serial_bayou_pond_b, grunt_megastairs_2,
          serial_bayou_shore_b, wad_woods_river_01, serial_bayou_shore_b

Skill      XL: |  1  2  3  4  5  6  7  8  9 10 11 12 |
---------------+-------------------------------------+-----
Invocations    | 1 2 3 4 5 6 7 |  7.9
Short Blades   | 1 2 3 4 5 6 7 |  7.2
Long Blades    | 1 2 3 4 5 6 7 |  7.2
Axes           | 1 2 3 4 5 6 7 |  7.2
Maces & Flails | 1 2 3 4 5 6 7 |  7.2
Staves         | 1 2 3 4 5 6 7 |  7.2
Slings         | 1 2 3 4 5 6 7 |  7.2
Bows           | 1 2 3 4 5 6 7 |  7.2
Crossbows      | 1 2 3 4 5 6 7 |  7.2
Throwing       | 1 2 3 4 5 6 7 |  7.2
Dodging        | 1 2 3 4 5 6 7 |  7.2
Stealth        | 1 2 3 4 5 6 7 |  7.2
Unarmed Combat | 1 2 3 4 5 6 7 |  7.2
Spellcasting   | 1 2 3 4 5 6 7 |  7.2
Conjurations   | 1 2 3 4 5 |  5.9
Hexes          | 1 2 3 4 5 |  5.9
Summonings     | 1 2 3 4 5 |  5.9
Necromancy     | 1 2 3 4 5 |  5.9
Translocations | 1 2 3 4 5 |  5.9
Transmutations | 1 2 3 4 5 |  5.9
Fire Magic     | 1 2 3 4 5 |  5.9
Ice Magic      | 1 2 3 4 5 |  5.9
Air Magic      | 1 2 3 4 5 |  5.9
Earth Magic    | 1 2 3 4 5 |  5.9
Poison Magic   | 1 2 3 4 5 |  5.9
Evocations     | 1 2 3 4 5 6 7 |  7.2
Polearms       | 5 6 7 8 |  8.6
Fighting       | 7 8 9 |  9.8
Armour         | 7 8 9 |  9.8
Shields        | 7 8 9 |  9.8

Action                   |  1- 3 |  4- 6 |  7- 9 | 10-12 || total
-------------------------+-------+-------+-------+-------++-------
Melee: Trident           |   114 |   160 |   382 |   169 ||   825
       Bite              |     7 |    14 |    47 |    59 ||   127
       Flail             |       |       |       |   263 ||   263
  Use: Scroll            |     1 |     6 |     6 |     8 ||    21
       Potion            |     1 |     1 |     3 |     6 ||    11
 Stab: Distracted        |       |       |     1 |     3 ||     4
Armor: Scale mail        |    31 |    75 |   128 |    61 ||   295
       Plate armour      |       |       |       |   293 ||   293
Dodge: Dodged            |    48 |    44 |   148 |   201 ||   441
Block: Buckler           |    24 |    40 |   108 |   173 ||   345
